[Event "Titled Tuesday Blitz October 31 Early 2023"]
[White "Luong Phuong Hanh"]
[Black "Bao, Qilin"]
[WhiteFideId "12401013"]
[BlackFideId "8605750"]
[WhiteElo "2415"]
[BlackElo "2662"]
[Result "0-1"]
[Round "4"]
[TimeControl "180+1"]
[Date "2023.10.31"]
[WhiteClock "0:00:00"]
[BlackClock "0:00:16"]
[Board "81"]

1. d4 Nf6 2. Nf3 b6 3. e3 Bb7 4. Bd3 g6 5. O-O Bg7 6. c4 O-O 7. Nc3 d5 8. b3 e6 9. Bb2 Ne4 10. Rc1 Nd7 11. cxd5 exd5 12. Nd2 f5 13. Qe2 a6 14. Rfd1 Kh8 15. Nf3 Qe7 16. Nb1 c6 17. Ba3 c5 18. dxc5 bxc5 19. Nfd2 Rfc8 20. Nf3 Qf7 21. Bb2 Ndf6 22. Bxe4 fxe4 23. Ng5 Qe7 24. Nd2 h6 25. Nh3 g5 26. Kh1 a5 27. Nf1 Ba6 28. Qe1 Bd3 29. Ng3 Qd7 30. f4 g4 31. Nf2 c4 32. bxc4 dxc4 33. Bxf6 Bxf6 34. Ngxe4 Bb2 35. Nxd3 cxd3 36. Rxc8+ Rxc8 37. Qxa5 Qe6 38. Qb4 Bg7 39. g3 Rc4 40. Qb8+ Kh7 41. Nf2 Qxe3 42. Kg1 Rc2 0-1


[Site "https://www.chess.com"]

[Event "Titled Tuesday Blitz October 31 Early 2023"]
[White "La Villa Rivas, Marlon Javier"]
[Black "Parkhov, Yair"]
[WhiteFideId "3519546"]
[BlackFideId "2813408"]
[WhiteElo "2402"]
[BlackElo "2662"]
[Result "0-1"]
[Round "4"]
[TimeControl "180+1"]
[Date "2023.10.31"]
[WhiteClock "0:00:08"]
[BlackClock "0:00:15"]
[Board "82"]

1. e4 c6 2. c4 g6 3. Nc3 Bg7 4. d4 d6 5. Nf3 Nf6 6. Be2 O-O 7. O-O Bg4 8. h3 Bxf3 9. Bxf3 Nbd7 10. Bg5 e5 11. d5 cxd5 12. Nxd5 Nc5 13. Re1 Ne6 14. Be3 Nxd5 15. Qxd5 Nd4 16. Bxd4 exd4 17. b3 Qc7 18. Rad1 a6 19. Bg4 Rad8 20. f4 Rfe8 21. h4 Qc6 22. h5 Qxd5 23. cxd5 Re7 24. Rc1 Rde8 25. Bf3 f5 26. hxg6 fxe4 27. gxh7+ Kh8 28. Bh5 Rf8 29. Bg6 d3 30. Rxe4 Rxe4 31. Bxe4 Bd4+ 32. Kf1 Rxf4+ 33. Bf3 d2 34. Rd1 Bc3 35. Ke2 Kxh7 36. Kd3 Bb4 37. Rh1+ Kg7 38. Bd1 a5 39. g4 Rf7 40. g5 Re7 41. Be2 Rc7 42. Ke4 Rc1 43. Bd1 Rc7 44. Kf5 Re7 45. g6 Re5+ 46. Kf4 Re1 47. Rh7+ Kf6 48. Bc2 Rf1+ 49. Kg4 d1=Q+ 50. Bxd1 Rxd1 51. g7 Rg1+ 52. Kh5 Rxg7 53. Rh6+ Kf5 54. Re6 Rh7+ 55. Rh6 Rxh6+ 56. Kxh6 Ke5 57. Kg6 Kxd5 58. Kf6 Ke4 59. Ke6 d5 60. Kd7 d4 61. Kc7 d3 62. Kxb7 d2 63. Ka6 d1=Q 64. Kb5 Qd5+ 65. Ka4 Qc6# 0-1


[Site "https://www.chess.com"]

[Event "Titled Tuesday Blitz October 31 Early 2023"]
[White "Harikrishnan.A.Ra"]
[Black "Della Corte, Alessandro"]
[WhiteFideId "5081483"]
[BlackFideId "813540"]
[WhiteElo "2660"]
[BlackElo "2384"]
[Result "1-0"]
[Round "4"]
[TimeControl "180+1"]
[Date "2023.10.31"]
[WhiteClock "0:01:02"]
[BlackClock "0:00:46"]
[Board "83"]

1. d4 d5 2. Nf3 Nf6 3. c3 c5 4. dxc5 e6 5. b4 a5 6. e3 b6 7. Bb5+ Bd7 8. Bxd7+ Nfxd7 9. cxb6 axb4 10. O-O Qxb6 11. Bb2 bxc3 12. Bxc3 Nc6 13. Nbd2 f6 14. e4 d4 15. Nxd4 Nxd4 16. Nc4 Qc5 17. Qxd4 Qxd4 18. Bxd4 Ra4 19. Rfc1 Bc5 20. Bxc5 Nxc5 21. Nb2 Ra5 22. Nd3 Nxd3 23. Rc8+ Kd7 24. Rxh8 1-0


[Site "https://www.chess.com"]

[Event "Titled Tuesday Blitz October 31 Early 2023"]
[White "Diaz Perez, Michel Alejandro"]
[Black "Soumya, Swaminathan"]
[WhiteFideId "3517179"]
[BlackFideId "5016193"]
[WhiteElo "2649"]
[BlackElo "2349"]
[Result "1-0"]
[Round "4"]
[TimeControl "180+1"]
[Date "2023.10.31"]
[WhiteClock "0:01:23"]
[BlackClock "0:00:00"]
[Board "84"]

1. e4 c5 2. Nf3 Nc6 3. Bb5 g6 4. O-O Bg7 5. c3 e5 6. d4 cxd4 7. cxd4 Nxd4 8. Nxd4 Qb6 9. Nc3 exd4 10. Nd5 Qd6 11. Bf4 Be5 12. Bxe5 Qxe5 13. Rc1 Kf8 14. Re1 Ne7 15. f4 Qg7 16. Nc7 Rb8 17. e5 a6 18. Bf1 Nc6 19. Qb3 h5 20. Qa3+ Kg8 21. Qd6 Kh7 22. Nd5 Ra8 23. Nf6+ Kh6 24. Qa3 Qf8 25. Qg3 Kg7 26. a3 b5 27. Bd3 Bb7 28. Nxd7 Qe7 29. Nf6 Rad8 30. Red1 h4 31. Qg4 Bc8 32. Qg5 Bb7 33. Rxc6 Bxc6 34. Nh5+ Kf8 35. Nf6 Kg7 36. Re1 Kf8 37. f5 1-0


[Site "https://www.chess.com"]

[Event "Titled Tuesday Blitz October 31 Early 2023"]
[White "Federzoni, Enzo"]
[Black "Volkov, Maksim"]
[WhiteFideId "2173301"]
[BlackFideId "54123070"]
[WhiteElo "2342"]
[BlackElo "2648"]
[Result "0-1"]
[Round "4"]
[TimeControl "180+1"]
[Date "2023.10.31"]
[WhiteClock "0:02:12"]
[BlackClock "0:01:48"]
[Board "85"]

1. e4 c5 2. Nf3 d6 3. Bb5+ Nd7 4. d4 cxd4 5. Qxd4 a6 6. Bxd7+ Bxd7 7. c4 Nf6 8. Bg5 e5 9. Qd3 h6 10. Bxf6 Qxf6 11. Nc3 Bc6 12. O-O Be7 13. Nd5 Bxd5 14. cxd5 O-O 15. Rac1 Rfc8 16. Nd2 Bd8 17. Qh3 Rxc1 18. Rxc1 Qf4 19. Nf1 Qxc1 0-1


[Site "https://www.chess.com"]

[Event "Titled Tuesday Blitz October 31 Early 2023"]
[White "Kuzhylnyi, Oleksandr"]
[Black "chessculator16"]
[WhiteFideId "34110500"]
[WhiteElo "2643"]
[BlackElo "2339"]
[Result "1-0"]
[Round "4"]
[TimeControl "180+1"]
[Date "2023.10.31"]
[WhiteClock "0:00:19"]
[BlackClock "0:01:27"]
[Board "86"]

1. b3 d5 2. Bb2 Nf6 3. Nf3 c6 4. g3 Bg4 5. Bg2 Nbd7 6. d3 e6 7. O-O Bd6 8. e4 dxe4 9. dxe4 Qe7 10. h3 Bxf3 11. Qxf3 O-O 12. Rd1 Rfd8 13. a4 Be5 14. Nc3 Rac8 15. Qe3 c5 16. Rd2 Bd4 17. Qe2 Ne5 18. Nd1 Nc6 19. c3 Be5 20. Rxd8+ Rxd8 21. Ne3 Na5 22. f4 Bc7 23. e5 Nd5 24. Nxd5 exd5 25. Qc2 c4 26. b4 Nb3 27. Rd1 d4 28. cxd4 Qxb4 29. d5 Bb6+ 30. Kh2 Qxa4 31. e6 fxe6 32. dxe6 Rxd1 33. Qxd1 Qe8 34. Qd5 Kh8 35. Qxc4 Nc5 36. f5 Qe7 37. Bd5 h6 38. Qf4 Kh7 39. f6 gxf6 40. Bxf6 Qe8 41. Qf5+ Qg6 42. Qxg6+ Kxg6 43. e7 Kxf6 44. e8=Q 1-0


[Site "https://www.chess.com"]

[Event "Titled Tuesday Blitz October 31 Early 2023"]
[White "Skliarov, Viktor"]
[Black "Semenova, Alina"]
[WhiteFideId "14106736"]
[BlackFideId "24113875"]
[WhiteElo "2640"]
[BlackElo "2161"]
[Result "1-0"]
[Round "4"]
[TimeControl "180+1"]
[Date "2023.10.31"]
[WhiteClock "0:00:56"]
[BlackClock "0:00:20"]
[Board "87"]

1. e4 e6 2. d4 d5 3. e5 c5 4. c3 Nc6 5. Nf3 Qb6 6. a3 c4 7. Nbd2 Na5 8. g3 Bd7 9. h4 Ne7 10. Bh3 h6 11. h5 Qc7 12. O-O Nc8 13. Nh4 Nb6 14. f4 Ba4 15. Qf3 O-O-O 16. f5 exf5 17. Bxf5+ Kb8 18. Rf2 Be7 19. Nf1 Bxh4 20. gxh4 Nb3 21. Rb1 Rhf8 22. Bf4 Qe7 23. Qg3 Ka8 24. Ne3 Rg8 25. Kh2 Bd7 26. Rbf1 f6 27. exf6 Qxf6 28. Bc7 Bxf5 29. Bxd8 Qxd8 30. Nxf5 a6 31. Qd6 Qe8 32. Qxb6 Qxh5 33. Ng3 Qxh4+ 34. Kg2 g5 35. Rf8+ 1-0


[Site "https://www.chess.com"]

[Event "Titled Tuesday Blitz October 31 Early 2023"]
[White "Paravyan, David"]
[Black "Kiseljova, Marya"]
[WhiteFideId "4194985"]
[BlackFideId "4155009"]
[WhiteElo "3072"]
[BlackElo "2233"]
[Result "1-0"]
[Round "4"]
[TimeControl "180+1"]
[Date "2023.10.31"]
[WhiteClock "0:01:23"]
[BlackClock "0:00:05"]
[Board "88"]

1. e4 c5 2. Nf3 Nc6 3. Bb5 e5 4. O-O Bd6 5. d3 Nge7 6. Nc3 O-O 7. Nh4 a6 8. Bc4 b5 9. Bb3 Nd4 10. Qh5 Nxb3 11. axb3 Bb7 12. f4 f6 13. f5 Qe8 14. Qg4 Bc7 15. Rf3 Qf7 16. Rg3 Kh8 17. Rh3 Kg8 18. Bh6 Kh8 19. Be3 Kg8 20. Bxc5 d5 21. exd5 Rfd8 22. Ne4 Bxd5 23. b4 Bc6 24. Re1 Nd5 25. Ng6 Nf4 26. Rxh7 Nxg6 27. fxg6 Qd7 28. Rh8+ Kxh8 29. Qh5+ Kg8 30. Qh7# 1-0


[Site "https://www.chess.com"]

[Event "Titled Tuesday Blitz October 31 Early 2023"]
[White "Slade, Theodore"]
[Black "Bluebaum, Matthias"]
[WhiteFideId "426547"]
[BlackFideId "24651516"]
[WhiteElo "2516"]
[BlackElo "3061"]
[Result "0-1"]
[Round "4"]
[TimeControl "180+1"]
[Date "2023.10.31"]
[WhiteClock "0:00:00"]
[BlackClock "0:02:11"]
[Board "89"]

1. d4 d5 2. c4 e6 3. Nf3 Nf6 4. g3 Nc6 5. Bg2 Bd6 6. cxd5 exd5 7. O-O O-O 8. Nc3 h6 9. Bf4 Bxf4 10. gxf4 Ne7 11. e3 Nf5 12. Ne5 Nh4 13. h3 c6 14. Kh2 Nxg2 15. Kxg2 Nd7 16. Rg1 Nxe5 17. fxe5 f6 18. Qh5 fxe5 19. Qxe5 Rf5 20. Qh2 Qh4 21. f4 Rh5 22. Rh1 Bf5 23. Qg3 Qf6 24. Nd1 Re8 25. Nf2 c5 26. Rad1 Be4+ 27. Nxe4 Rxe4 28. Rhe1 Rf5 29. dxc5 Qxb2+ 30. Qf2 Qa3 31. Rc1 Qa6 32. Kh2 Rf6 33. Red1 Rfxf4 34. exf4 Re2 35. Rd2 Rxf2+ 36. Rxf2 Qa3 37. Rff1 Qxa2+ 38. Kh1 Qb3 39. c6 Qxh3+ 40. Kg1 Qg3+ 41. Kh1 bxc6 42. Rxc6 Qh3+ 43. Kg1 d4 44. Rd6 d3 45. Kf2 Qh2+ 46. Kf3 Qe2+ 47. Kg3 Qxf1 0-1


[Site "https://www.chess.com"]

[Event "Titled Tuesday Blitz October 31 Early 2023"]
[White "Costachi, Mihnea"]
[Black "Goltseva, Ekaterina"]
[WhiteFideId "1217518"]
[BlackFideId "24173770"]
[WhiteElo "2747"]
[BlackElo "2513"]
[Result "0-1"]
[Round "4"]
[TimeControl "180+1"]
[Date "2023.10.31"]
[WhiteClock "0:00:57"]
[BlackClock "0:00:06"]
[Board "90"]

1. Nc3 g6 2. e4 Bg7 3. d4 d6 4. Be3 c6 5. h4 h6 6. h5 g5 7. Qd2 b5 8. a3 Nd7 9. f4 gxf4 10. Bxf4 Nb6 11. d5 Nc4 12. Bxc4 bxc4 13. dxc6 Qb6 14. Nge2 Nf6 15. Be3 Qxc6 16. Nd4 Qb7 17. O-O-O Nxe4 18. Nxe4 Qxe4 19. Rhe1 Bg4 20. Nf3 c3 21. bxc3 Qa4 22. Qd3 Qxa3+ 23. Kd2 Bxf3 24. gxf3 Rc8 25. Bd4 Bxd4 26. Qxd4 Rg8 27. Rg1 Rxg1 28. Rxg1 Kd7 29. Rb1 Qc5 30. Qa4+ Kd8 31. Qd4 Qxd4+ 32. cxd4 a5 33. Rg1 Kd7 34. Rg7 a4 35. Kc1 Rb8 36. Rg1 a3 37. Kd2 Rb5 38. Ra1 Rxh5 39. Rxa3 Rh2+ 40. Kd3 h5 41. d5 f5 42. Ra7+ Ke8 43. c4 h4 44. Ke3 Rc2 45. Kf4 h3 46. Kxf5 h2 47. Ra8+ Kd7 48. Rh8 Rxc4 49. Rxh2 Rd4 50. f4 Rxd5+ 51. Ke4 Rd1 52. Rh7 Re1+ 53. Kd4 Ke6 54. Rh5 Kf6 55. Ra5 e6 56. Rb5 d5 57. Rb8 Re4+ 58. Kc5 Rxf4 59. Kd6 Re4 60. Rf8+ Kg7 61. Rf1 d4 62. Kc5 e5 63. Kd5 Re3 64. Ke6 Kg6 65. Rg1+ Kh5 66. Kf5 Kh4 67. Rg8 Kh3 68. Rg7 d3 69. Rd7 Kg3 70. Rxd3 Rxd3 71. Ke4 Rf3 72. Kxe5 Rf1 73. Ke4 Kg4 74. Ke3 Rf8 75. Ke2 Kg3 76. Ke1 Kg2 77. Ke2 Re8+ 0-1


[Site "https://www.chess.com"]

[Event "Titled Tuesday Blitz October 31 Early 2023"]
[White "Arhan_Anand"]
[Black "Ronka, Erik"]
[BlackFideId "505080"]
[WhiteElo "2711"]
[BlackElo "2509"]
[Result "0-1"]
[Round "4"]
[TimeControl "180+1"]
[Date "2023.10.31"]
[WhiteClock "0:00:06"]
[BlackClock "0:00:05"]
[Board "91"]

1. c4 c6 2. d4 d5 3. Nf3 Nf6 4. Qc2 dxc4 5. Qxc4 Bg4 6. Nbd2 Nbd7 7. h3 Bh5 8. e4 e6 9. Bd3 Be7 10. e5 Nd5 11. Ne4 Rc8 12. Bg5 f6 13. exf6 gxf6 14. Bh6 Kf7 15. g4 Bg6 16. g5 f5 17. Nc5 Bxc5 18. dxc5 e5 19. O-O-O e4 20. Bc2 Qe7 21. Rxd5 cxd5 22. Qxd5+ Qe6 23. Qxd7+ Qxd7 24. Ne5+ Ke7 25. Nxd7 Kxd7 26. b4 b6 27. Bg7 Rhg8 28. Ba4+ Ke6 29. Bb3+ Ke7 30. Bxg8 Rxg8 31. Bf6+ Kd7 32. Rd1+ Kc6 33. cxb6 axb6 34. Kb2 f4 35. a4 Re8 36. Re1 e3 37. fxe3 fxe3 38. Kc3 Re4 39. Bd4 e2 40. b5+ Kb7 41. Bf6 Bf5 42. h4 Bg4 43. Bd4 Kc7 44. Kd3 Bf5 45. Rxe2 Rxh4+ 46. Kc3 Kd7 47. Bxb6 Rxa4 48. Bc5 Be6 49. Rd2+ Kc8 50. Rh2 Rc4+ 51. Kd3 Rxc5 52. Rg2 Bf5+ 53. Kd4 Rxb5 54. Rf2 Bg6 55. Rg2 Rb7 56. Ke5 Rd7 57. Rf2 Kc7 58. Rg2 Kc6 59. Rg1 Rd5+ 60. Kf6 Rc5 61. Ke6 Rc3 62. Kf6 Rf3+ 63. Ke6 Re3+ 64. Kf6 Kd6 65. Re1 Rxe1 0-1


[Site "https://www.chess.com"]

[Event "Titled Tuesday Blitz October 31 Early 2023"]
[White "HeroRubiksCube"]
[Black "Goltsev, Dmitry"]
[BlackFideId "24176710"]
[WhiteElo "2509"]
[BlackElo "2659"]
[Result "0-1"]
[Round "4"]
[TimeControl "180+1"]
[Date "2023.10.31"]
[WhiteClock "0:00:06"]
[BlackClock "0:00:28"]
[Board "92"]

1. e4 e6 2. d3 d5 3. Nd2 Nf6 4. g3 Bc5 5. h3 dxe4 6. dxe4 Nc6 7. Bg2 Qd4 8. Qe2 Bb6 9. Ngf3 Qc5 10. c3 e5 11. O-O Nh5 12. Kh2 g6 13. Nb3 Qe7 14. Bg5 f6 15. Be3 Be6 16. Rad1 Rd8 17. Rxd8+ Kxd8 18. Rd1+ Kc8 19. Rd2 f5 20. Bxb6 axb6 21. exf5 Bxf5 22. Nh4 Bd7 23. Bf3 Nf4 24. gxf4 Qxh4 25. Bg4 Bxg4 26. Qxg4+ Qxg4 27. hxg4 exf4 28. g5 h6 29. gxh6 Rxh6+ 30. Kg2 g5 31. f3 Ne5 32. Nd4 Nc4 33. Nf5 Nxd2 34. Nxh6 Nc4 35. b3 Ne3+ 36. Kh3 Nd1 37. c4 Nf2+ 38. Kg2 Nd3 39. Nf7 Nc1 40. Nxg5 Nxa2 41. Ne6 Nc1 42. b4 Nd3 43. b5 Kd7 44. Nd4 Kd6 45. Nb3 Ne5 46. Nd2 Kc5 47. Kh3 Nxc4 48. Ne4+ Kxb5 49. Kg4 Nd6 50. Nxd6+ cxd6 51. Kxf4 Kc6 52. Ke4 Kd7 53. Kd5 b5 0-1


[Site "https://www.chess.com"]

[Event "Titled Tuesday Blitz October 31 Early 2023"]
[White "Wizard_97"]
[Black "Shapiro, Viktor"]
[BlackFideId "4175700"]
[WhiteElo "2626"]
[BlackElo "2492"]
[Result "0-1"]
[Round "4"]
[TimeControl "180+1"]
[Date "2023.10.31"]
[WhiteClock "0:00:00"]
[BlackClock "0:00:51"]
[Board "93"]

1. e4 Nf6 2. e5 Nd5 3. d4 d6 4. Nf3 Bg4 5. Be2 e6 6. O-O Be7 7. c4 Nb6 8. Be3 O-O 9. h3 Bh5 10. Nc3 Nc6 11. b3 Bg6 12. Qc1 dxe5 13. dxe5 Qc8 14. Rd1 Rd8 15. Qb2 Nd7 16. Na4 Be4 17. Ng5 Bg6 18. Nf3 Bh5 19. Nd4 Bxe2 20. Nxc6 bxc6 21. Qxe2 Nxe5 22. Rxd8+ Bxd8 23. Rd1 Bf6 24. Nc5 Ng6 25. Qf3 Ne5 26. Qe4 Qe8 27. Bf4 Qe7 28. b4 Ng6 29. Qxc6 Rf8 30. Bxc7 Be5 31. Bd6 Bxd6 32. Qxd6 Qh4 33. Nd7 Re8 34. Qc7 h6 35. c5 Qxb4 36. c6 Qc4 37. Qb7 Qc2 38. Rf1 Nf4 39. c7 Nd5 40. Qb8 Nxc7 41. Qxa7 Nd5 42. Ne5 Qf5 43. Nf3 Nf4 44. Nh2 Qg5 45. Qb7 Rd8 46. Kh1 Rd5 47. a4 Qxg2# 0-1


[Site "https://www.chess.com"]

[Event "Titled Tuesday Blitz October 31 Early 2023"]
[White "JuniorJumper"]
[Black "Cervantes Landeiro, Thalia"]
[BlackFideId "3520498"]
[WhiteElo "2614"]
[BlackElo "2491"]
[Result "1-0"]
[Round "4"]
[TimeControl "180+1"]
[Date "2023.10.31"]
[WhiteClock "0:00:10"]
[BlackClock "0:00:08"]
[Board "94"]

1. d4 Nf6 2. Bf4 g6 3. Nc3 d5 4. e3 Bg7 5. h4 a6 6. Bd3 c5 7. Nf3 Nc6 8. Qd2 cxd4 9. exd4 Bg4 10. Ne5 Nxd4 11. Bxg6 hxg6 12. Qxd4 Be6 13. O-O-O Ng4 14. f3 Nxe5 15. Bxe5 Bxe5 16. Qxe5 Rh5 17. Qd4 Qa5 18. g4 Rh7 19. Kb1 O-O-O 20. Ne2 Rdh8 21. Nf4 Rxh4 22. Qxh8+ Rxh8 23. Rxh8+ Kd7 24. Rh2 Qc7 25. Rd4 Qe5 26. Rhd2 Kc6 27. a3 g5 28. Ne2 Qe3 29. R4d3 Qf2 30. Nd4+ 1-0


[Site "https://www.chess.com"]

[Event "Titled Tuesday Blitz October 31 Early 2023"]
[White "Leyva Proenza, Richard"]
[Black "Rosenberg, Evan S"]
[WhiteFideId "3500985"]
[BlackFideId "2019299"]
[WhiteElo "2611"]
[BlackElo "2473"]
[Result "0-1"]
[Round "4"]
[TimeControl "180+1"]
[Date "2023.10.31"]
[WhiteClock "0:01:20"]
[BlackClock "0:00:48"]
[Board "95"]

1. e4 e5 2. d4 exd4 3. Qxd4 Nc6 4. Qe3 Nf6 5. Nc3 Bb4 6. Bd2 O-O 7. O-O-O Re8 8. Bc4 Ne5 9. Bb3 c6 10. f4 Neg4 11. Qg3 Bxc3 12. Bxc3 Rxe4 13. h3 Nh6 14. Qf3 d5 15. g4 Nhxg4 16. hxg4 Bxg4 17. Qf1 Bxd1 18. Qxd1 Rxf4 19. Ne2 Re4 20. Nd4 Ng4 21. Nf5 Qg5+ 22. Kb1 Qxf5 23. a4 Rae8 24. Ka2 Nf2 25. Qg1 Rg4 26. Qh2 Nxh1 27. Qxh1 h5 0-1


[Site "https://www.chess.com"]

[Event "Titled Tuesday Blitz October 31 Early 2023"]
[White "McBryde, Lamel"]
[Black "Prestia, Paris"]
[WhiteFideId "2058596"]
[BlackFideId "30925959"]
[WhiteElo "2425"]
[BlackElo "2606"]
[Result "0-1"]
[Round "4"]
[TimeControl "180+1"]
[Date "2023.10.31"]
[WhiteClock "0:00:07"]
[BlackClock "0:00:06"]
[Board "96"]

1. Nf3 b6 2. b3 Bb7 3. e3 e6 4. Bb2 Nf6 5. d4 d5 6. Bd3 Be7 7. a3 O-O 8. Nbd2 c5 9. c4 cxd4 10. exd4 Nc6 11. Qe2 h6 12. O-O Rc8 13. Rac1 Re8 14. Bb1 Bf8 15. Qd3 Na5 16. Ne5 dxc4 17. bxc4 Ba6 18. f4 g6 19. Nxg6 fxg6 20. Qxg6+ Bg7 21. Ne4 Rxc4 22. Nxf6+ Qxf6 23. Qxe8+ Bf8 24. Rce1 Rc8 25. Qd7 Rd8 26. Qxa7 Bxf1 27. Rxf1 Bg7 28. f5 exf5 29. Bxf5 Kh8 30. Bb1 Qg5 31. d5 Nc4 32. Bxg7+ Qxg7 33. Qxg7+ Kxg7 34. Be4 Nxa3 35. Ra1 Nc4 36. Rb1 Nd2 37. Re1 Nxe4 38. Rxe4 Rxd5 39. Rb4 b5 40. Kf2 Kf6 41. g3 Ke6 42. Kf3 Kd6 43. Kg4 Kc5 44. Rb1 b4 45. h4 Kc4 46. Kf3 b3 47. g4 Kc3 48. Kf4 Kc2 49. Rf1 b2 50. g5 hxg5+ 51. hxg5 Rd8 52. Ke5 Re8+ 53. Kf6 Rf8+ 0-1


[Site "https://www.chess.com"]

[Event "Titled Tuesday Blitz October 31 Early 2023"]
[White "Kim, Sergey"]
[Black "Miszler, Levente"]
[WhiteFideId "13700570"]
[BlackFideId "763276"]
[WhiteElo "2605"]
[BlackElo "2420"]
[Result "1-0"]
[Round "4"]
[TimeControl "180+1"]
[Date "2023.10.31"]
[WhiteClock "0:01:11"]
[BlackClock "0:00:12"]
[Board "97"]

1. d4 Nf6 2. c4 c5 3. d5 e6 4. Nc3 exd5 5. cxd5 d6 6. e4 a6 7. a4 g6 8. Nge2 Bg7 9. Ng3 O-O 10. Be2 Re8 11. O-O b6 12. Bf4 Qc7 13. Qd2 Nbd7 14. Bh6 Rb8 15. Bxg7 Kxg7 16. f4 Bb7 17. Rae1 Re7 18. e5 Ne8 19. e6 Ndf6 20. f5 fxe6 21. fxe6 b5 22. axb5 axb5 23. Qg5 b4 24. Nf5+ Kg8 25. Nxe7+ Qxe7 26. Ne4 Nxd5 27. Qh6 Nef6 28. Ng5 Rf8 29. Bf3 c4 30. Bxd5 Bxd5 31. Qh4 h5 32. Qd4 Ng4 33. Rxf8+ Qxf8 34. e7 1-0


[Site "https://www.chess.com"]

[Event "Titled Tuesday Blitz October 31 Early 2023"]
[White "Golubev, Mikhail"]
[Black "alfianasybullina"]
[WhiteFideId "14100983"]
[WhiteElo "2575"]
[BlackElo "2290"]
[Result "0-1"]
[Round "4"]
[TimeControl "180+1"]
[Date "2023.10.31"]
[WhiteClock "0:00:00"]
[BlackClock "0:00:32"]
[Board "98"]

1. e4 e6 2. d4 d5 3. Bd3 dxe4 4. Bxe4 Nf6 5. Bf3 c5 6. Ne2 Nc6 7. Be3 Be7 8. Nbc3 cxd4 9. Nxd4 Nxd4 10. Qxd4 O-O 11. O-O-O Qa5 12. Qa4 Qxa4 13. Nxa4 Nd5 14. Bxd5 exd5 15. Nc3 d4 16. Bxd4 Be6 17. a3 h5 18. h4 a6 19. g3 b5 20. Ne4 Rfc8 21. Rhe1 Rc7 22. Be5 Rc6 23. Bd6 Bd8 24. Nc5 Rac8 25. Rd2 Bf5 26. Re8+ Kh7 27. f4 Bf6 28. Rxc8 Rxc8 29. b4 Rc6 30. Be5 Be7 31. Bd4 a5 32. Kb2 axb4 33. axb4 Kg6 34. Re2 Bd8 35. Re1 f6 36. Ra1 Kf7 37. Ra7+ Rc7 38. Rxc7+ Bxc7 39. Nb3 g5 0-1


[Site "https://www.chess.com"]

[Event "Titled Tuesday Blitz October 31 Early 2023"]
[White "Wartiovaara, Oliver"]
[Black "Topalov, Aleksandar"]
[WhiteFideId "513024"]
[BlackFideId "925659"]
[WhiteElo "2556"]
[BlackElo "2246"]
[Result "0-1"]
[Round "4"]
[TimeControl "180+1"]
[Date "2023.10.31"]
[WhiteClock "0:00:10"]
[BlackClock "0:00:29"]
[Board "99"]

1. b3 Nf6 2. Bb2 g6 3. Bxf6 exf6 4. c4 f5 5. Nc3 h5 6. Nf3 d6 7. d4 Nd7 8. g3 Bg7 9. Bg2 Nf6 10. O-O O-O 11. Rc1 Re8 12. e3 a5 13. Qc2 c6 14. d5 c5 15. a4 Bd7 16. Ne1 h4 17. Nd3 Qe7 18. Rfe1 Ne4 19. Ne2 g5 20. gxh4 gxh4 21. Nef4 Qg5 22. Kh1 Kh8 23. Rg1 Qh6 24. Bf3 Bf6 25. Rg2 Rg8 26. Rcg1 h3 27. Rxg8+ Rxg8 28. Rxg8+ Kxg8 29. Qd1 Be5 30. Qg1+ Kf8 31. Qg3 b6 32. Qxh3 Bxf4 33. exf4 Qxh3 0-1


[Site "https://www.chess.com"]

[Event "Titled Tuesday Blitz October 31 Early 2023"]
[White "Souza, Gustavo Horokoski De"]
[Black "TimGrutter03"]
[WhiteFideId "2146584"]
[WhiteElo "2146"]
[BlackElo "2536"]
[Result "0-1"]
[Round "4"]
[TimeControl "180+1"]
[Date "2023.10.31"]
[WhiteClock "0:01:52"]
[BlackClock "0:02:46"]
[Board "100"]

1. c4 g6 2. Nc3 Bg7 3. e4 e5 4. Nf3 Nf6 5. d4 exd4 6. Nxd4 O-O 7. Be3 Re8 8. f3 c6 9. Be2 d5 10. cxd5 cxd5 11. Bd3 Nc6 12. Nxc6 bxc6 13. O-O d4 0-1


[Site "https://www.chess.com"]

[Event "Titled Tuesday Blitz October 31 Early 2023"]
[White "Tologon tegin, Semetei"]
[Black "Elbebiber"]
[WhiteFideId "13800574"]
[WhiteElo "2523"]
[BlackElo "2137"]
[Result "1-0"]
[Round "4"]
[TimeControl "180+1"]
[Date "2023.10.31"]
[WhiteClock "0:00:46"]
[BlackClock "0:00:00"]
[Board "101"]

1. Nc3 d5 2. d4 Nf6 3. Bg5 c6 4. Qd3 e6 5. a3 Be7 6. Nf3 h6 7. Bh4 Nbd7 8. h3 a6 9. g4 c5 10. e3 c4 11. Qe2 b5 12. Bg2 Bb7 13. Bg3 Nb6 14. Ne5 Nbd7 15. h4 Nxe5 16. Bxe5 Bd6 17. g5 hxg5 18. hxg5 Rxh1+ 19. Bxh1 Bxe5 20. dxe5 Nd7 21. f4 Qe7 22. O-O-O O-O-O 23. e4 Nb6 24. exd5 Nxd5 25. Bxd5 exd5 26. Qf2 Qc7 27. Ne2 Bc6 28. c3 Kb7 29. Nd4 Bd7 30. Qg2 Qc5 31. Rh1 g6 32. Rh7 Be8 33. e6 Qe7 34. Qe2 1-0


[Site "https://www.chess.com"]

[Event "Titled Tuesday Blitz October 31 Early 2023"]
[White "El_Matador12"]
[Black "DonCiao"]
[WhiteElo "2517"]
[BlackElo "2144"]
[Result "1-0"]
[Round "4"]
[TimeControl "180+1"]
[Date "2023.10.31"]
[WhiteClock "0:01:21"]
[BlackClock "0:00:03"]
[Board "102"]

1. d4 Nf6 2. Bg5 e6 3. e4 h6 4. Bxf6 Qxf6 5. c3 d6 6. Nd2 g6 7. Bc4 Bg7 8. Ne2 Qe7 9. O-O O-O 10. f4 Nd7 11. e5 d5 12. Bd3 c5 13. Kh1 a6 14. Nf3 b5 15. g4 cxd4 16. cxd4 Nb6 17. Ng3 Nc4 18. Qe2 Bb7 19. f5 exf5 20. gxf5 Qd7 21. b3 Nb6 22. Qe3 Rae8 23. fxg6 f6 24. Bf5 Qe7 25. e6 Nc8 26. Rae1 Nd6 27. Nh4 Bc8 28. Nh5 Nxf5 29. Nxf5 Qxe6 30. Qxe6+ Rxe6 31. Rxe6 Bxe6 32. Nhxg7 Bxf5 33. Nxf5 Re8 34. g7 Re2 35. Rg1 Rxa2 36. Nxh6+ 1-0


[Site "https://www.chess.com"]

[Event "Titled Tuesday Blitz October 31 Early 2023"]
[White "Baskakov, Egor"]
[Black "Bashirli, Saadat"]
[WhiteFideId "24197866"]
[BlackFideId "13429990"]
[WhiteElo "2916"]
[BlackElo "2398"]
[Result "1-0"]
[Round "4"]
[TimeControl "180+1"]
[Date "2023.10.31"]
[WhiteClock "0:00:27"]
[BlackClock "0:00:01"]
[Board "103"]

1. e4 e5 2. Nc3 Nc6 3. g3 Bc5 4. Bg2 Nf6 5. h3 O-O 6. Nge2 d6 7. d3 Be6 8. Nd5 Bxd5 9. exd5 Ne7 10. c4 Qd7 11. O-O a6 12. Kh2 Nf5 13. Nc3 h6 14. f4 exf4 15. Bxf4 Rae8 16. Ne4 Nxe4 17. Bxe4 Ne3 18. Bxe3 Bxe3 19. Qh5 Re5 20. Qf3 Bd4 21. g4 Re7 22. h4 Bxb2 23. Rab1 Be5+ 24. Kg2 c6 25. g5 cxd5 26. Bxd5 Qa4 27. Rf2 Bd4 28. Re2 Rxe2+ 29. Qxe2 Re8 30. Qd2 hxg5 31. Rxb7 Rf8 32. hxg5 g6 33. Qe2 Be5 34. Qf2 Qe8 35. Qe3 Qd8 36. d4 Bg7 37. Qf4 Qe8 38. Kf2 a5 39. a4 Kh8 40. Bxf7 Rxf7 41. Qxf7 Bxd4+ 42. Kf1 Qxf7+ 43. Rxf7 Bc5 44. Rd7 Kg8 45. Kg2 Kf8 46. Kf3 Kg8 47. Ke4 Kf8 48. Kd5 Be3 49. Kxd6 Bxg5 50. c5 Bf4+ 51. Ke6 g5 52. c6 g4 53. c7 Bxc7 54. Rf7+ Kg8 55. Rxc7 g3 56. Rc2 g2 57. Rxg2+ 1-0


[Site "https://www.chess.com"]